[Event "CZE Extraliga 2019-20"]
[Site "Czech Republic"]
[Date "2019.10.12"]
[Round "1.2"]
[White "Pulpan, Jakub"]
[Black "Stocek, Jiri"]
[Result "0-1"]
[ECO "A05"]
[WhiteElo "2421"]
[BlackElo "2569"]
[Annotator "ChessBase"]
[PlyCount "158"]
[EventDate "2019.09.15"]
[EventType "team-tourn"]
[EventCountry "CZE"]
[SourceTitle "playchess.com"]
[Source "ChessBase"]
[SourceQuality "1"]
[TimeControl "40/5400+30:1800+30"]

1. Nf3 Nf6 2. b3 d6 3. d4 Bf5 4. Bb2 Nbd7 5. g3 e5 6. c4 h6 7. d5 Be7 8. Bg2 O-O 9. O-O Bh7 10. Ne1 a5 11. Nc3 Nc5 12. Nd3 Nxd3 13. exd3 Nd7 14. d4 exd4 15. Qxd4 Bf6 16. Qd2 Nc5 17. Nb5 Bxb2 18. Qxb2 Re8 19. a3 Qd7 20. b4 Ne4 21. Rfe1 Nf6 22. Qd4 Kf8 23. h4 Bg6 24. Rxe8+ Nxe8 25. Re1 Nf6 26. Bf1 Kg8 27. Qe3 axb4 28. axb4 Re8 29. Qd2 Rxe1 30. Qxe1 Bf5 31. Qe3 Qc8 32. Qd4 Bd7 33. c5 Bxb5 34. Bxb5 Qf5 35. cxd6 cxd6 36. Bc4 Qf3 37. Qb6 Ng4 38. Qd4 Ne5 39. Bf1 Qb3 40. Be2 Qc2 41. Kf1 Qb1+ 42. Kg2 Qe1 43. Bd1 Nd7 44. Bg4 Nf6 45. Bf3 h5 46. Qc4 Qe7 47. Qc8+ Kh7 48. b5 g6 49. b6 Kg7 50. Qc7 Kf8 51. Kf1 Qd7 52. Qb8+ Ke7 53. Kg2 Qb5 54. Qxb7+ Nd7 55. g4 hxg4 56. Bxg4 f5 57. Bf3 Qxb6 58. Qc8 Qd4 59. Qg8 Qf6 60. Qh7+ Kd8 61. Be2 Nf8 62. Qa7 Qxh4 63. Qb8+ Ke7 64. Bb5 Qg4+ 65. Kh2 Qf4+ 66. Kg2 Kf7 67. Be8+ Kg8 68. Bc6 Qg5+ 69. Kf1 Qe7 70. Qa8 Kf7 71. Qa1 Nh7 72. Qh8 Nf6 73. Qb8 g5 74. Qh8 Kg6 75. Qb8 g4 76. Qh8 f4 77. Qb8 Kg5 78. Qh8 f3 79. Bb5 Qa7 0-1

[Event "CZE Extraliga 2019-20"]
[Site "Czech Republic"]
[Date "2019.10.12"]
[Round "1.3"]
[White "SLA5 Heberla Bartlomiej GM"]
[Black "DPP6 Burdalev Kirill FM"]
[Result "1-0"]
[ECO "B13"]
[WhiteElo "2552"]
[BlackElo "2406"]
[Annotator "ChessBase"]
[PlyCount "65"]
[EventDate "2019.09.15"]
[EventType "team-tourn"]
[EventCountry "CZE"]
[SourceTitle "playchess.com"]
[Source "ChessBase"]
[SourceQuality "1"]
[TimeControl "40/5400+30:1800+30"]

1. e4 c6 2. d4 d5 3. exd5 cxd5 4. Bd3 Nc6 5. c3 Qc7 6. Ne2 Bg4 7. O-O e6 8. Qe1 Bh5 9. Nf4 Nf6 10. Nxh5 Nxh5 11. g3 g6 12. f4 Be7 13. Nd2 Ng7 14. Nf3 h5 15. Ne5 Nf5 16. Bd2 Kf8 17. Nxg6+ fxg6 18. Qxe6 Qd6 19. Bxf5 gxf5 20. Qxf5+ Kg7 21. Rae1 Raf8 22. Qh3 Bf6 23. f5 Nd8 24. Bf4 Qb6 25. g4 Rfg8 26. g5 Kf8 27. Qe3 Kf7 28. Kh1 Qxb2 29. Rb1 Qa3 30. Rxb7+ Be7 31. Rd7 Ke8 32. Bd6 Kxd7 33. Qxe7+ 1-0

[Event "CZE Extraliga 2019-20"]
[Site "Czech Republic"]
[Date "2019.10.12"]
[Round "1.3"]
[White "Shevchenko, Kirill"]
[Black "Fedorov, Alexei"]
[Result "0-1"]
[ECO "E90"]
[WhiteElo "2542"]
[BlackElo "2551"]
[Annotator "ChessBase"]
[PlyCount "114"]
[EventDate "2019.09.15"]
[EventType "team-tourn"]
[EventCountry "CZE"]
[SourceTitle "playchess.com"]
[Source "ChessBase"]
[SourceQuality "1"]
[WhiteTeam "Pardubice"]
[TimeControl "40/5400+30:1800+30"]

1. d4 Nf6 2. c4 g6 3. Nc3 Bg7 4. e4 d6 5. Nf3 O-O 6. Be3 e5 7. dxe5 dxe5 8. Qc2 Nc6 9. Rd1 Bd7 10. Be2 Qc8 11. h3 Be6 12. Nd5 Nd7 13. h4 Bg4 14. h5 Bxf3 15. Bxf3 Re8 16. hxg6 hxg6 17. Bg5 Nd4 18. Qc3 c6 19. Ne7+ Rxe7 20. Bxe7 Qe8 21. Bg5 Nc5 22. b3 f5 23. Bh6 Bf6 24. Bc1 Rd8 25. Ba3 Nce6 26. Bc1 f4 27. Bg4 Ng5 28. f3 Be7 29. a3 c5 30. Kf2 Qc6 31. Bb2 Nh7 32. Rd3 Nf6 33. Bh3 b6 34. Rc1 Kg7 35. Qe1 a5 36. Kf1 Rh8 37. Bxd4 cxd4 38. Kg1 Bxa3 39. c5 Bxc1 40. Qxc1 Qxc5 41. Qa1 Re8 42. Rd1 d3+ 43. Kh2 Rd8 44. Rc1 Qd6 45. Qc3 d2 46. Rd1 Kf8 47. Qc4 Qc5 48. Qe2 Qb4 49. Be6 Ke7 50. Bh3 b5 51. Qf2 Qd4 52. Qe2 Qd3 53. Qf2 Qe3 54. Qh4 Kf7 55. Qg5 Re8 56. Ra1 Qe1 57. Rxa5 Qg3+ 0-1

[Event "CZE Extraliga 2019-20"]
[Site "Czech Republic"]
[Date "2019.10.12"]
[Round "1.3"]
[White "Cyborowski, Lukasz"]
[Black "Markos, Jan"]
[Result "1/2-1/2"]
[ECO "A16"]
[WhiteElo "2501"]
[BlackElo "2572"]
[Annotator "ChessBase"]
[PlyCount "54"]
[EventDate "2019.09.15"]
[EventType "team-tourn"]
[EventCountry "CZE"]
[SourceTitle "playchess.com"]
[Source "ChessBase"]
[SourceQuality "1"]
[WhiteTeam "Turnov"]
[BlackTeam "Kromeriz"]
[TimeControl "40/5400+30:1800+30"]

1. c4 Nf6 2. Nc3 g6 3. g3 Bg7 4. Bg2 O-O 5. Nf3 d5 6. cxd5 Nxd5 7. O-O c5 8. Nxd5 Qxd5 9. d3 Nc6 10. Be3 Qd6 11. Rc1 Nd4 12. Nxd4 cxd4 13. Bf4 e5 14. Bd2 a5 15. b4 axb4 16. Qb3 Be6 17. Qxb4 Qd7 18. a3 Rfb8 19. Qb2 Bf8 20. Bb4 Qb5 21. Rb1 Bxb4 22. Qxb4 Qxb4 23. Rxb4 Rxa3 24. Rxb7 Rxb7 25. Bxb7 Ra2 26. Re1 Rb2 27. Bc6 Kg7 1/2-1/2

[Event "CZE Extraliga 2019-20"]
[Site "Czech Republic"]
[Date "2019.10.12"]
[Round "1.3"]
[White "Roubalik, Jakub"]
[Black "UNI4 Bernasek Jan GM"]
[Result "0-1"]
[ECO "E12"]
[WhiteElo "2410"]
[BlackElo "2490"]
[Annotator "ChessBase"]
[PlyCount "56"]
[EventDate "2019.09.15"]
[EventType "team-tourn"]
[EventCountry "CZE"]
[SourceTitle "playchess.com"]
[Source "ChessBase"]
[SourceQuality "1"]
[WhiteTeam "Duras"]
[TimeControl "40/5400+30:1800+30"]

1. d4 Nf6 2. c4 e6 3. Nf3 b6 4. a3 d5 5. cxd5 exd5 6. Nc3 Be7 7. Bf4 O-O 8. e3 Bb7 9. Bd3 c5 10. O-O Nc6 11. Re1 Re8 12. Ne5 cxd4 13. Nxc6 Bxc6 14. exd4 Qd7 15. Qf3 b5 16. Bg5 h6 17. Bf5 Qb7 18. Bh4 a5 19. Bc2 g5 20. Bg3 b4 21. Nd1 Ne4 22. Ne3 Bf8 23. Qf5 Bg7 24. Bxe4 dxe4 25. Ng4 Bd7 26. Nf6+ Bxf6 27. Qxf6 Ra6 28. Bd6 Qd5 0-1

[Event "CZE Extraliga 2019-20"]
[Site "Czech Republic"]
[Date "2019.10.12"]
[Round "1.4"]
[White "Jurcik, Marian"]
[Black "Cerveny, Martin"]
[Result "1-0"]
[ECO "B51"]
[WhiteElo "2486"]
[BlackElo "2350"]
[Annotator "ChessBase"]
[PlyCount "203"]
[EventDate "2019.09.15"]
[EventType "team-tourn"]
[EventCountry "CZE"]
[SourceTitle "playchess.com"]
[Source "ChessBase"]
[SourceQuality "1"]
[BlackTeam "Duras"]
[TimeControl "40/5400+30:1800+30"]

1. e4 c5 2. Nf3 d6 3. Bb5+ Nd7 4. O-O a6 5. Bd3 Ngf6 6. Re1 Ne5 7. Nxe5 dxe5 8. a4 Bg4 9. Be2 Bd7 10. d3 Qc7 11. b3 Rd8 12. a5 Bc6 13. Nd2 e6 14. Bb2 Be7 15. Qc1 Nd7 16. Nc4 O-O 17. Qe3 Bb5 18. Nd2 Bd6 19. Qh3 Nb8 20. Bd1 Qe7 21. f4 exf4 22. e5 Bc7 23. Ne4 Nd7 24. Qh5 f6 25. exf6 gxf6 26. Nf2 e5 27. Bf3 Rb8 28. Bd5+ Kh8 29. Qf3 Qd6 30. Re2 Bc6 31. Bxc6 bxc6 32. Ne4 Qd5 33. Qh3 Qf7 34. Qf5 Rg8 35. Bc3 Rg7 36. Rf1 Re8 37. Kh1 Qg6 38. Qh3 Kg8 39. Nd2 h5 40. Qf3 Qg4 41. Qxg4 hxg4 42. Rxf4 Kf7 43. Rf1 Ke6 44. g3 Bd6 45. Nc4 Be7 46. Kg1 Reg8 47. Rff2 Nf8 48. Kf1 Kd7 49. Re4 Ne6 50. Ne3 Rg6 51. Rf5 Nd4 52. Rh5 Ke6 53. Bxd4 cxd4 54. Nc4 Bf8 55. Rh7 Bg7 56. Re2 Rh6 57. Rxh6 Bxh6 58. Kg2 Bf8 59. h3 gxh3+ 60. Kxh3 Bb4 61. Re4 Be7 62. Kg2 Rb8 63. Rh4 Rg8 64. Kf3 f5 65. Rh7 Re8 66. Rh6+ Bf6 67. Rh7 Be7 68. g4 fxg4+ 69. Kxg4 Bc5 70. Kf3 Rf8+ 71. Ke2 Kd5 72. Rd7+ Ke6 73. Rc7 Kd5 74. Rd7+ Ke6 75. Rc7 Kd5 76. Rh7 Rg8 77. Rh5 Bd6 78. Nb6+ Kc5 79. Nc4 Bc7 80. Rh7 Rc8 81. Re7 Kb5 82. Kd1 Kb4 83. Kd2 Kb5 84. Kc1 Kc5 85. Kb2 Kb4 86. Re6 Bxa5 87. Rxe5 Bc7 88. Re7 a5 89. Re4 c5 90. Na3 a4 91. c3+ Ka5 92. Nc4+ Kb5 93. cxd4 axb3 94. d5 Rd8 95. Ne3 Bg3 96. Nd1 Kb6 97. Nc3 Bf2 98. Re6+ Ka5 99. Kxb3 Bd4 100. Ne4 Rxd5 101. Nd2 c4+ 102. Kxc4 1-0

[Event "CZE Extraliga 2019-20"]
[Site "Czech Republic"]
[Date "2019.10.12"]
[Round "1.4"]
[White "Malinovsky, Karel"]
[Black "Simacek, Pavel"]
[Result "1/2-1/2"]
[ECO "C80"]
[WhiteElo "2478"]
[BlackElo "2481"]
[Annotator "ChessBase"]
[PlyCount "54"]
[EventDate "2019.09.15"]
[EventType "team-tourn"]
[EventCountry "CZE"]
[SourceTitle "playchess.com"]
[Source "ChessBase"]
[SourceQuality "1"]
[WhiteTeam "Kromeriz"]
[BlackTeam "Turnov"]
[TimeControl "40/5400+30:1800+30"]

1. e4 e5 2. Nf3 Nc6 3. Bb5 a6 4. Ba4 Nf6 5. O-O Nxe4 6. d4 b5 7. Bb3 d5 8. dxe5 Be6 9. Nbd2 Bc5 10. Nxe4 dxe4 11. Ng5 Qxd1 12. Rxd1 Bxb3 13. axb3 Bb6 14. Be3 Bxe3 15. fxe3 Nxe5 16. Rd5 Ng4 17. h3 Nxe3 18. Rc5 h6 19. Nxe4 O-O-O 20. Rxa6 Kb7 21. Ra1 Kb6 22. c4 c6 23. cxb5 cxb5 24. Rac1 Rd1+ 25. Rxd1 Nxd1 26. Rf5 f6 27. Nc3 Nxc3 1/2-1/2

[Event "CZE Extraliga 2019-20"]
[Site "Czech Republic"]
[Date "2019.10.12"]
[Round "1.4"]
[White "Plischki, Sebastian"]
[Black "Polak, Tomas"]
[Result "0-1"]
[ECO "A10"]
[WhiteElo "2391"]
[BlackElo "2527"]
[Annotator "RC"]
[PlyCount "74"]
[EventDate "2019.09.15"]
[EventType "team-tourn"]
[EventCountry "CZE"]
[SourceTitle "playchess.com"]
[Source "ChessBase"]
[SourceQuality "1"]
[TimeControl "40/5400+30:1800+30"]

1. c4 b6 2. Nc3 Bb7 3. e4 e5 4. Nf3 Nc6 5. Be2 g6 6. d4 exd4 7. Nxd4 Bg7 8. Be3 Nge7 9. O-O O-O 10. Nxc6 Nxc6 11. Qd2 d6 12. Bh6 Bxh6 13. Qxh6 Nd4 14. Bd3 c5 15. Rae1 Qf6 16. f4 Qg7 17. Qh3 Rfe8 18. Re3 Re7 19. Rfe1 Rae8 20. Qg3 Kf8 21. h3 Bc6 22. Kh2 a6 23. Nd5 Bxd5 24. cxd5 Rd8 25. e5 c4 26. exd6 Red7 27. Re7 cxd3 28. Qe3 Qf6 29. Rxd7 Rxd7 30. Qe8+ Kg7 31. Qxd7 Qxf4+ 32. Kh1 d2 33. Rd1 Nf3 34. gxf3 Qxf3+ 35. Kh2 Qf2+ 36. Kh1 Qf3+ 37. Kh2 Qe2+ 0-1

[Event "CZE Extraliga 2019-20"]
[Site "Czech Republic"]
[Date "2019.10.12"]
[Round "1.4"]
[White "Szotkowski, Jakub"]
[Black "Votava, Jan"]
[Result "0-1"]
[ECO "D78"]
[WhiteElo "2388"]
[BlackElo "2521"]
[Annotator "ChessBase"]
[PlyCount "106"]
[EventDate "2019.09.15"]
[EventType "team-tourn"]
[EventCountry "CZE"]
[SourceTitle "playchess.com"]
[Source "ChessBase"]
[SourceQuality "1"]
[BlackTeam "Pardubice"]
[TimeControl "40/5400+30:1800+30"]

1. d4 Nf6 2. c4 g6 3. g3 c6 4. Bg2 d5 5. Nf3 Bg7 6. O-O O-O 7. b3 b6 8. Ne5 Bb7 9. Bb2 Nbd7 10. Nd2 e6 11. Rc1 Rc8 12. Rc2 Re8 13. Qa1 Nxe5 14. dxe5 Nd7 15. Rd1 Qe7 16. e3 f6 17. Nf3 f5 18. h4 h6 19. Ne1 g5 20. hxg5 hxg5 21. Nd3 Nf8 22. c5 Nd7 23. Bd4 Ba6 24. b4 Bb5 25. a4 Bc4 26. Qc3 b5 27. Nb2 g4 28. Nxc4 bxc4 29. Kf1 a5 30. bxa5 Nxc5 31. Bxc5 Qxc5 32. Rb1 Ra8 33. Rb6 Qxa5 34. Qxa5 Rxa5 35. Rxc6 Rxa4 36. f4 gxf3 37. Bxf3 Bxe5 38. g4 Ra1+ 39. Kg2 f4 40. e4 dxe4 41. Bxe4 c3 42. g5 Re1 43. Bg6 Re7 44. Kf2 Re3 45. Re2 Kg7 46. Bc2 Bd4 47. Rxe3 fxe3+ 48. Ke2 Rf7 49. Rxe6 Rf2+ 50. Kd3 Rd2+ 51. Kc4 e2 52. g6 Bf6 53. Bd3 Bh4 0-1

[Event "CZE Extraliga 2019-20"]
[Site "Czech Republic"]
[Date "2019.10.12"]
[Round "1.5"]
[White "Pechac, Jergus"]
[Black "Jasny, Stanislav"]
[Result "1-0"]
[ECO "B06"]
[WhiteElo "2491"]
[BlackElo "2326"]
[Annotator "ChessBase"]
[PlyCount "81"]
[EventDate "2019.09.15"]
[EventType "team-tourn"]
[EventCountry "CZE"]
[SourceTitle "playchess.com"]
[Source "ChessBase"]
[SourceQuality "1"]
[WhiteTeam "Pardubice"]
[TimeControl "40/5400+30:1800+30"]

1. d4 g6 2. e4 Bg7 3. Nc3 d6 4. Be3 a6 5. Qd2 b5 6. f3 Nd7 7. h4 Ngf6 8. O-O-O Nb6 9. Bh6 Bxh6 10. Qxh6 b4 11. Nce2 e6 12. g4 Qe7 13. h5 Bb7 14. hxg6 fxg6 15. Nf4 O-O-O 16. g5 Nfd7 17. Bh3 e5 18. Ne6 Rdg8 19. Ne2 Kb8 20. d5 c6 21. dxc6 Bxc6 22. Qh4 Nf8 23. Qg4 Bd7 24. Qg1 Kb7 25. Nxf8 Rxf8 26. Bxd7 Qxd7 27. f4 Qe6 28. Kb1 exf4 29. Nd4 Qe5 30. Qe1 a5 31. Nf3 Qc5 32. e5 d5 33. Nd4 Re8 34. Qf1 Nc4 35. Nb3 Qc6 36. Qxf4 Rxe5 37. Nxa5+ Nxa5 38. Qxe5 Re8 39. Rxh7+ Kb6 40. Qd4+ Qc5 41. Qf6+ 1-0

[Event "CZE Extraliga 2019-20"]
[Site "Czech Republic"]
[Date "2019.10.12"]
[Round "1.5"]
[White "Jaracz, Pawel"]
[Black "Rubes, Jan"]
[Result "1/2-1/2"]
[ECO "A61"]
[WhiteElo "2465"]
[BlackElo "2363"]
[Annotator "ChessBase"]
[PlyCount "59"]
[EventDate "2019.09.15"]
[EventType "team-tourn"]
[EventCountry "CZE"]
[SourceTitle "playchess.com"]
[Source "ChessBase"]
[SourceQuality "1"]
[WhiteTeam "Turnov"]
[BlackTeam "Kromeriz"]
[TimeControl "40/5400+30:1800+30"]

1. d4 Nf6 2. c4 e6 3. Nf3 c5 4. d5 exd5 5. cxd5 d6 6. Nc3 g6 7. Bf4 a6 8. a4 Bg7 9. e3 O-O 10. h3 Ne8 11. Be2 Nd7 12. O-O Qe7 13. Qc2 f5 14. a5 Rb8 15. Rfe1 h6 16. Nd2 g5 17. Bh2 Kh8 18. Kh1 g4 19. Nc4 Ne5 20. Nb6 Nc7 21. Bf4 Bd7 22. Nxd7 Qxd7 23. Ra4 gxh3 24. gxh3 b5 25. axb6 Rxb6 26. Rg1 Rb4 27. Ra2 Qf7 28. Qd2 Rfb8 29. Rg3 Qf6 30. Rg2 1/2-1/2

[Event "CZE Extraliga 2019-20"]
[Site "Czech Republic"]
[Date "2019.10.12"]
[Round "1.5"]
[White "Chytilek, Roman"]
[Black "UNI6 Rydl Jiri FM"]
[Result "1/2-1/2"]
[ECO "C10"]
[WhiteElo "2330"]
[BlackElo "2422"]
[Annotator "NA"]
[PlyCount "101"]
[EventDate "2019.09.15"]
[EventType "team-tourn"]
[EventCountry "CZE"]
[SourceTitle "playchess.com"]
[Source "ChessBase"]
[SourceQuality "1"]
[WhiteTeam "Duras"]
[TimeControl "40/5400+30:1800+30"]

1. e4 e6 2. d4 d5 3. Nd2 dxe4 4. Nxe4 Nd7 5. g3 b6 6. Bg2 Rb8 7. Nc3 Ngf6 8. Nb5 Bb7 9. Bxb7 Rxb7 10. Qf3 Qc8 11. Ne2 c6 12. Nbc3 Be7 13. O-O O-O 14. a4 h6 15. b3 a6 16. Bb2 b5 17. Rfe1 b4 18. Ne4 Nxe4 19. Qxe4 Nf6 20. Qf3 Nd5 21. Nc1 Rd8 22. Nd3 Nf6 23. Rac1 Rd5 24. Nf4 Rf5 25. Re5 Rxe5 26. dxe5 Nd5 27. Nh5 Bf8 28. Re1 Ne7 29. Qg4 Nf5 30. h4 c5 31. Re4 Kh8 32. Nf4 Rd7 33. Nd3 Ne7 34. Rc4 Nd5 35. Bc1 Nb6 36. Rf4 c4 37. bxc4 Nxa4 38. Qh5 Nc5 39. Nxc5 Bxc5 40. Qf3 Qb7 41. Qh5 Bf8 42. Be3 a5 43. c5 Kg8 44. Rc4 Qc6 45. Qg4 Rd5 46. Qe4 h5 47. Kh2 Be7 48. Kh3 Bd8 49. g4 hxg4+ 50. Kxg4 Bc7 51. f4 1/2-1/2

[Event "CZE Extraliga 2019-20"]
[Site "Czech Republic"]
[Date "2019.10.12"]
[Round "1.6"]
[White "Sahidi, Samir"]
[Black "Obsivac, Josef"]
[Result "1-0"]
[ECO "A05"]
[WhiteElo "2374"]
[BlackElo "2285"]
[Annotator "NA"]
[PlyCount "171"]
[EventDate "2019.09.15"]
[EventType "team-tourn"]
[EventCountry "CZE"]
[SourceTitle "playchess.com"]
[Source "ChessBase"]
[SourceQuality "1"]
[TimeControl "40/5400+30:1800+30"]

1. Nf3 Nf6 2. c4 g6 3. g3 Bg7 4. Bg2 O-O 5. O-O d6 6. Nc3 Nc6 7. d3 e5 8. Rb1 h6 9. b4 Be6 10. b5 Ne7 11. Bb2 Ne8 12. Ne1 c6 13. Ba3 f5 14. Qb3 Rf7 15. Nc2 g5 16. bxc6 bxc6 17. Rfc1 Rc8 18. Qa4 e4 19. Bb2 d5 20. Rd1 Qc7 21. Qa6 Nd6 22. c5 Ne8 23. dxe4 fxe4 24. Nd4 Bd7 25. e3 Nf6 26. Ba1 Rcf8 27. Rb7 Qc8 28. Qxa7 Ng6 29. Rdb1 Qe8 30. h3 Ne5 31. Rb8 Bc8 32. Qa8 Nfd7 33. R8b2 Nxc5 34. Rc2 Ncd3 35. Nd1 c5 36. Qxd5 cxd4 37. Bxd4 Bf5 38. g4 Bg6 39. Rb6 Bh7 40. Nc3 Ne1 41. Re6 N5f3+ 42. Bxf3 Nxf3+ 43. Kf1 Qb8 44. Bxg7 Kxg7 45. Rd6 Rf6 46. Rxf6 Rxf6 47. Nb5 Rf7 48. Ke2 Qe5 49. Qxe5+ Nxe5 50. a4 Nd3 51. Kf1 Rb7 52. Rc8 Bg6 53. Kg1 Bf7 54. Rd8 Ne5 55. Kg2 Rd7 56. Rb8 Nf3 57. Nc3 Ra7 58. Rb4 Be8 59. Nxe4 Nh4+ 60. Kg3 Bxa4 61. f4 Bc6 62. fxg5 hxg5 63. Nxg5 Ng6 64. Ne6+ Kf6 65. Nd4 Bd5 66. Rb6+ Kf7 67. Rb5 Ba8 68. Rf5+ Kg8 69. Rc5 Ra2 70. h4 Kf7 71. h5 Ne7 72. Re5 Nd5 73. g5 Nc3 74. Rf5+ Ke7 75. g6 Rg2+ 76. Kf4 Nd5+ 77. Ke5 Nxe3 78. Rf7+ Ke8 79. Kf6 Ng4+ 80. Kg7 Be4 81. Ne6 Ne5 82. Rf8+ Ke7 83. Nf4 Rg4 84. Rf6 Nxg6 85. Nxg6+ Kd8 86. h6 1-0

[Event "CZE Extraliga 2019-20"]
[Site "Czech Republic"]
[Date "2019.10.12"]
[Round "1.6"]
[White "Jurcik, Martin"]
[Black "Vyskocil, Neklan"]
[Result "1/2-1/2"]
[ECO "A04"]
[WhiteElo "2360"]
[BlackElo "2295"]
[Annotator "NA"]
[PlyCount "33"]
[EventDate "2019.09.15"]
[EventType "team-tourn"]
[EventCountry "CZE"]
[SourceTitle "playchess.com"]
[Source "ChessBase"]
[SourceQuality "1"]
[BlackTeam "Duras"]
[TimeControl "40/5400+30:1800+30"]

1. Nf3 g6 2. e4 Bg7 3. d4 d6 4. Bc4 Nf6 5. Qe2 c6 6. Bb3 O-O 7. O-O Na6 8. h3 d5 9. Nc3 e6 10. e5 Nd7 11. Bg5 Qe8 12. Nd1 f6 13. exf6 Nxf6 14. Nc3 Nh5 15. Qe3 Qf7 16. Ne2 Nc7 17. Bh6 1/2-1/2

[Event "CZE Extraliga 2019-20"]
[Site "Czech Republic"]
[Date "2019.10.12"]
[Round "1.6"]
[White "Konopka, Michal"]
[Black "Vlasak, Lukas"]
[Result "0-1"]
[ECO "D02"]
[WhiteElo "2345"]
[BlackElo "2423"]
[Annotator "NA"]
[PlyCount "68"]
[EventDate "2019.09.15"]
[EventType "team-tourn"]
[EventCountry "CZE"]
[SourceTitle "playchess.com"]
[Source "ChessBase"]
[SourceQuality "1"]
[WhiteTeam "Kromeriz"]
[BlackTeam "Turnov"]
[TimeControl "40/5400+30:1800+30"]

1. Nf3 d5 2. d4 Nf6 3. c4 e6 4. g3 dxc4 5. Qa4+ Nbd7 6. Bg2 a6 7. Nc3 Be7 8. Qxc4 b5 9. Qd3 Bb7 10. O-O O-O 11. Bg5 c5 12. dxc5 Nxc5 13. Qe3 b4 14. Bxf6 Bxf6 15. Qxc5 bxc3 16. bxc3 Rc8 17. Qa7 Rc7 18. Rfd1 Qc8 19. Qb6 Rxc3 20. Rab1 Be4 21. Rb4 Bd5 22. Ra4 Bc4 23. Bf1 Bb5 24. Re4 Ra3 25. Nd4 Rxa2 26. Nxb5 Rb2 27. Ra4 axb5 28. Ra7 Qc2 29. Rdd7 Rb1 30. Qe3 b4 31. Rxf7 Rxf1+ 32. Kxf1 Qd1+ 33. Kg2 Qd5+ 34. f3 Rxf7 0-1

[Event "CZE Extraliga 2019-20"]
[Site "Czech Republic"]
[Date "2019.10.12"]
[Round "1.6"]
[White "Rabatin, Jakub"]
[Black "Petr, Martin"]
[Result "0-1"]
[ECO "D03"]
[WhiteElo "2303"]
[BlackElo "2460"]
[Annotator "ChessBase"]
[PlyCount "66"]
[EventDate "2019.09.15"]
[EventType "team-tourn"]
[EventCountry "CZE"]
[SourceTitle "playchess.com"]
[Source "ChessBase"]
[SourceQuality "1"]
[BlackTeam "Pardubice"]
[TimeControl "40/5400+30:1800+30"]

1. d4 Nf6 2. Nf3 g6 3. Bg5 Bg7 4. c3 O-O 5. Nbd2 d5 6. e3 b6 7. Bd3 Bb7 8. Ne5 Ne4 9. Nxe4 dxe4 10. Bc4 Nd7 11. Bf4 e6 12. O-O Nxe5 13. dxe5 Qxd1 14. Rfxd1 Rfd8 15. Kf1 h6 16. h4 Bf8 17. a4 a6 18. h5 gxh5 19. Ke2 Rxd1 20. Rxd1 Bc6 21. Bb3 Kg7 22. Bc2 b5 23. a5 b4 24. Rd4 b3 25. Bb1 Rb8 26. Kd1 Rb5 27. Bxe4 Bxe4 28. Rxe4 Rxa5 29. Rd4 Ra2 30. Rd2 a5 31. e4 a4 32. Re2 a3 33. Bc1 Ra1 0-1

[Event "CZE Extraliga 2019-20"]
[Site "Czech Republic"]
[Date "2019.10.12"]
[Round "1.7"]
[White "Jirovsky, Milos"]
[Black "Rojicek, Vojtech"]
[Result "1-0"]
[ECO "E60"]
[WhiteElo "2452"]
[BlackElo "2389"]
[Annotator "ChessBase"]
[PlyCount "77"]
[EventDate "2019.09.15"]
[EventType "team-tourn"]
[EventCountry "CZE"]
[SourceTitle "playchess.com"]
[Source "ChessBase"]
[SourceQuality "1"]
[WhiteTeam "Pardubice"]
[TimeControl "40/5400+30:1800+30"]

1. Nf3 Nf6 2. c4 g6 3. b3 Bg7 4. Bb2 O-O 5. g3 d6 6. d4 c6 7. Bg2 Qa5+ 8. Qd2 Qxd2+ 9. Nbxd2 a5 10. O-O Re8 11. Rac1 h6 12. Rfd1 Be6 13. Ne1 Bf5 14. e4 Bg4 15. f3 Bc8 16. Nd3 Nfd7 17. f4 e5 18. c5 dxc5 19. dxe5 b5 20. e6 Rxe6 21. Bxg7 Kxg7 22. e5 Na6 23. Ne4 Ra7 24. Nd6 Rc7 25. Bh3 Re7 26. Bxd7 Bxd7 27. Nxc5 Nxc5 28. Rxc5 Ra7 29. Ne4 g5 30. fxg5 hxg5 31. Nxg5 a4 32. b4 a3 33. h4 Ra4 34. Rd4 Bf5 35. Rxc6 Bb1 36. h5 Rxe5 37. h6+ Kf8 38. Rc7 Ke8 39. Nxf7 1-0

[Event "CZE Extraliga 2019-20"]
[Site "Czech Republic"]
[Date "2019.10.12"]
[Round "1.7"]
[White "Studnicka, Tomas"]
[Black "Hollan, Petr"]
[Result "1-0"]
[ECO "A46"]
[WhiteElo "2341"]
[BlackElo "2301"]
[Annotator "NA"]
[PlyCount "89"]
[EventDate "2019.09.15"]
[EventType "team-tourn"]
[EventCountry "CZE"]
[SourceTitle "playchess.com"]
[Source "ChessBase"]
[SourceQuality "1"]
[WhiteTeam "Turnov"]
[BlackTeam "Kromeriz"]
[TimeControl "40/5400+30:1800+30"]

1. d4 Nf6 2. Nf3 e6 3. Bf4 c5 4. e3 Nc6 5. c3 d5 6. Nbd2 cxd4 7. cxd4 Nh5 8. Bg5 f6 9. Bh4 g6 10. Be2 Be7 11. O-O O-O 12. a3 g5 13. Ne1 Ng7 14. Bg3 e5 15. dxe5 fxe5 16. Qb3 Kh8 17. Rd1 Nf5 18. Bf3 Nxg3 19. hxg3 d4 20. Bxc6 bxc6 21. Nef3 Bf6 22. exd4 exd4 23. Ne4 Bg4 24. Qc4 Rc8 25. Nxf6 Qxf6 26. Qxd4 Qxd4 27. Rxd4 Bxf3 28. gxf3 Rxf3 29. Rd7 Rb8 30. Kg2 Rf6 31. b4 Ra8 32. Re1 Raf8 33. Ree7 Rxf2+ 34. Kh3 g4+ 35. Kxg4 Rh2 36. Rxa7 Rg8+ 37. Kf4 Rf2+ 38. Ke5 Re2+ 39. Kd6 Rxe7 40. Rxe7 Rxg3 41. a4 Rg4 42. Kc5 h5 43. a5 Rg5+ 44. Kxc6 h4 45. a6 1-0

[Event "CZE Extraliga 2019-20"]
[Site "Czech Republic"]
[Date "2019.10.12"]
[Round "1.7"]
[White "Zeman, Matyas"]
[Black "Kulhanek, Tomas"]
[Result "1/2-1/2"]
[ECO "C15"]
[WhiteElo "2247"]
[BlackElo "2343"]
[Annotator "NA"]
[PlyCount "90"]
[EventDate "2019.09.15"]
[EventType "team-tourn"]
[EventCountry "CZE"]
[SourceTitle "playchess.com"]
[Source "ChessBase"]
[SourceQuality "1"]
[TimeControl "40/5400+30:1800+30"]

1. e4 e6 2. d4 d5 3. Nc3 Bb4 4. exd5 exd5 5. Bd3 c6 6. Nge2 Ne7 7. O-O Bf5 8. Ng3 Bxd3 9. Qxd3 O-O 10. Nce2 Na6 11. Nf4 Bd6 12. Bd2 Bxf4 13. Bxf4 Ng6 14. Bd2 Re8 15. f4 f6 16. f5 Nf8 17. Rf4 Re7 18. Rg4 Qe8 19. Rf1 Kh8 20. Qf3 Rd8 21. Rh4 c5 22. dxc5 Nxc5 23. Bb4 b6 24. Qf2 Nfd7 25. Qd4 a5 26. Bc3 Ne5 27. Rh3 Nf7 28. Nh5 Ng5 29. Nxf6 Nxh3+ 30. gxh3 Qa4 31. b4 axb4 32. Qh4 g5 33. Nxd5+ bxc3 34. Qxa4 Nxa4 35. Nxe7 Kg7 36. Nc6 Rd5 37. Nb4 Rd2 38. h4 gxh4 39. Rf4 h3 40. f6+ Kf7 41. Nd3 Nc5 42. Nxc5 bxc5 43. Rf2 Rd1+ 44. Rf1 Rd2 45. Rf2 Rd1+ 1/2-1/2

[Event "CZE Extraliga 2019-20"]
[Site "Czech Republic"]
[Date "2019.10.12"]
[Round "1.8"]
[White "BSS13 Vesselovsky Serguei IM"]
[Black "Rosko, Lubos"]
[Result "1/2-1/2"]
[ECO "B22"]
[WhiteElo "2306"]
[BlackElo "2317"]
[Annotator "NA"]
[PlyCount "32"]
[EventDate "2019.09.15"]
[EventType "team-tourn"]
[EventCountry "CZE"]
[SourceTitle "playchess.com"]
[Source "ChessBase"]
[SourceQuality "1"]
[BlackTeam "Pardubice"]
[TimeControl "40/5400+30:1800+30"]

1. e4 c5 2. c3 d5 3. exd5 Qxd5 4. d4 Nf6 5. Nf3 Bg4 6. Nbd2 Nc6 7. Bc4 Bxf3 8. Qb3 Na5 9. Qb5+ Qd7 10. Nxf3 Nxc4 11. Qxc4 cxd4 12. Nxd4 e6 13. Bg5 Rc8 14. Qe2 Be7 15. O-O O-O 16. Rfd1 Qd5 1/2-1/2